 Dungeon Crawl Stone Soup version 0.23-a0-629-gae4348f (webtiles) character file.

67 zishaf the Vandal (level 4, -2/28 HPs)
             Began as a Halfling Arcane Marksman on Dec 27, 2018.
             Killed from afar by Sigmund (6 damage)
             ... with a magic dart
             ... on level 2 of the Dungeon.
             The game lasted 00:03:02 (1472 turns).

zishaf the Vandal (Halfling Arcane Marksman)        Turns: 1472, Time: 00:03:02

Health: -2/28      AC:  5    Str: 11    XL:     4   Next: 40%
Magic:  5/5        EV: 13    Int: 12    God:
Gold:   64         SH:  0    Dex: 14    Spells: 4/5 levels left

rFire    . . .     SeeInvis .   a - +0 hunting sling
rCold    . . .     Gourm    .   (shield restricted)
rNeg     . . .     Faith    .   q - +0 ring mail
rPois    .         Spirit   .   (no helmet)
rElec    .         Reflect  .   (no cloak)
rCorr    .         Harm     .   (no gloves)
MR       .....                  (no boots)
Stlth    +.........             (no amulet)
HPRegen  0.09/turn              (no ring)
MPRegen  0.09/turn              (no ring)

@: no status effects
A: small, mutation resistance 1
a: no special abilities


You were on level 2 of the Dungeon.
You were hungry.

You visited 1 branch of the dungeon, and saw 2 of its levels.

You collected 64 gold pieces.

Inventory:

Hand Weapons
 a - a +0 hunting sling (weapon)
 b - a +2 dagger of venom
Missiles
 d - 15 sling bullets
 j - 25 stones (quivered)
Armour
 e - a +0 robe
 q - a +0 ring mail (worn)
Scrolls
 c - 2 scrolls of identify {unknown}
 g - a scroll of immolation {unknown}
 h - 3 scrolls of magic mapping {unknown}
 r - a scroll of remove curse {unknown}
Potions
 i - a potion of brilliance {unknown}
 k - a potion of degeneration {unknown}
 l - a potion of lignification {unknown}
 m - a potion of heal wounds {unknown}
 n - 2 potions of curing {unknown}
 p - a potion of haste {unknown}
 s - a potion of mutation {unknown}
Comestibles
 f - 3 rations


   Skills:
 + Level 1.5 Fighting
 * Level 4.4 Slings
 + Level 1.0 Armour
 + Level 2.8 Dodging
 - Level 1.0 Spellcasting
 + Level 2.7 Hexes


You had 4 spell levels left.
You knew the following spells:

 Your Spells              Type           Power        Failure   Level  Hunger
a - Corona                Hex            #......      22%         1    ##.....

Your spell library contained the following spells:

 Spells                   Type           Power        Failure   Level  Hunger
 Slow                     Hex            #.......     34%         2    ###....
 Inner Flame              Hex/Fire       #.......     77%         3    ####...
 Portal Projectile        Hex/Tloc       #.....       77%         3    ####...
 Cause Fear               Hex            #.........   92%         4    #####..
 Leda's Liquefaction      Hex/Erth       #.........   99%         4    #####..


Dungeon Overview and Level Annotations

Branches:
Dungeon (2/15)

Altars:
Makhleb

Annotations:
D:2 Sigmund


Innate Abilities, Weirdness & Mutations

You are small and have problems with some larger weapons.
You are somewhat resistant to further mutation.


Message History

Sigmund casts a spell.
Sigmund flickers and vanishes!
Deactivating autopickup; reactivate with Ctrl-A.
You feel less confused.
A magic dart appears from out of thin air!
The magic dart hits you!
You are confused.
You're too confused to move!
A magic dart appears from out of thin air!
The magic dart hits you!
You feel less confused.
A magic dart appears from out of thin air!
The magic dart hits you!
* * * LOW HITPOINT WARNING * * *
A puff of flame appears from out of thin air!
The puff of flame hits you!
* * * LOW HITPOINT WARNING * * *
A magic dart appears from out of thin air!
The magic dart hits you!
You die...

#.#####..#..#######.....####.#.#.
#.# #..#..##...##.....####.....
#.#####..#..##...................
.................................
#................................
####.........................#.#.
...................#########.#...
####........######.### ##.#.##
................@....### #......
####........######.....####..#)..
#.............................
#####.#.#######.....####..#..#
#.#.#######.....# #..#..#
..#.........#.######..#..#
.......................#..# ..
#.########..######...... #.)#
#.##...


There were no monsters in sight!

Vanquished Creatures
  A crimson imp (D:2)
  A leopard gecko (D:1)
  4 bats
  2 giant cockroaches (D:2)
  4 goblins
  4 hobgoblins
  6 jackals
  4 kobolds
  3 rats
29 creatures vanquished.

Notes
Turn   | Place    | Note
-------+----------+-------------------------------------------
     0 | D:1      | zishaf the Halfling Arcane Marksman began the quest for the
                  | Orb.
     0 | D:1      | Reached XP level 1. HP: 12/12 MP: 2/2
    48 | D:1      | Reached skill level 1 in Fighting
    88 | D:1      | Reached XP level 2. HP: 18/18 MP: 3/3
   726 | D:2      | Noticed a crimson imp
   758 | D:2      | Killed a crimson imp
   758 | D:2      | Reached skill level 4 in Slings
   758 | D:2      | Reached XP level 3. HP: 19/23 MP: 4/4
   758 | D:2      | Reached XP level 4. HP: 23/28 MP: 5/5
   871 | D:2      | Found a burning altar of Makhleb.
  1068 | D:2      | Reached skill level 1 in Armour
  1435 | D:2      | Noticed Sigmund
  1472 | D:2      | Killed from afar by Sigmund

Vault maps used:
D:1:      saegor_arrival_under_anarchy
D:2:      minmay_thinvault, lemuel_doored_altar, uniq_sigmund

Skill      XL: |  1  2  3  4 |
---------------+-------------+-----
Fighting       | 1 |  1.5
Slings         | 4 |  4.4
Armour         | 1 |  1.0
Dodging        | |  2.8
Spellcasting   | |  1.0
Hexes          | |  2.7

Action                   |  1- 3 |  4- 6 || total
-------------------------+-------+-------++-------
Melee: Dagger            |    19 |    24 ||    43
 Fire: Hunting sling     |    32 |    28 ||    60
  Eat: Chunk             |       |     1 ||     1
Armor: Ring mail         |     5 |    19 ||    24
       Robe              |     1 |       ||     1
Dodge: Dodged            |    20 |    43 ||    63

Table legend:
 A = Non-vault XP
 B = Vault XP
 C = Vault XP percentage of total XP
 D = Non-vault monster count
 E = Vault monster count
 F = Vault count percentage of total count
                 A         B        C        D         E       F
            +---------+---------+-------+---------+---------+-------
      Total |      43 |      54 |  55.7 |      26 |       3 |  10.3
            +---------+---------+-------+---------+---------+-------
        D:1 |      22 |       0 |   0.0 |      13 |       0 |   0.0
        D:2 |      21 |      54 |  72.0 |      13 |       3 |  18.8
            +---------+---------+-------+---------+---------+-------
